 Dungeon Crawl Stone Soup version 0.24.0-125-gc4c63601f3 (webtiles) character file.

Game seed: 14551114220140041530, levelgen mode: deterministic

65 Peloso the Covered (level 3, 0/33 HPs)
             Began as a Minotaur Fighter on Mar 14, 2020.
             Slain by Sigmund
             ... wielding a +0 scythe
              (3 damage)
             ... on level 2 of the Dungeon.
             The game lasted 00:02:07 (1330 turns).

Peloso the Covered (Minotaur Fighter)               Turns: 1330, Time: 00:02:08

Health: 0/33       AC:  9    Str: 20    XL:     3   Next: 94%
Magic:  2/2        EV:  6    Int:  5    God:
Gold:   85         SH:  9    Dex: 10    Spells: 2/2 levels left

rFire    . . .     SeeInvis .   a - +0 long sword
rCold    . . .     Gourm    .   c - +0 shield
rNeg     . . .     Faith    .   k - +0 chain mail
rPois    .         Spirit   .   (helmet restricted)
rElec    .         Reflect  .   (no cloak)
rCorr    .         Harm     .   (no gloves)
MR       .....                  (no boots)
Stlth    ..........             (no amulet)
HPRegen  0.11/turn              (no ring)
MPRegen  0.08/turn              (no ring)

@: no status effects
A: retaliatory headbutt, horns 2
a: no special abilities


You were on level 2 of the Dungeon.
You were not hungry.

You visited 1 branch of the dungeon, and saw 2 of its levels.

You collected 85 gold pieces.

Inventory:

Hand Weapons
 a - a +0 long sword (weapon)
Armour
 b - a +0 scale mail
 c - a +0 shield (worn)
 k - a +0 chain mail (worn)
Jewellery
 r - an uncursed ring of stealth {unknown}
 s - a +2 ring of evasion {unknown}
Scrolls
 e - 2 scrolls of fog {unknown}
 g - 3 scrolls of identify {unknown}
 i - a scroll of random uselessness {unknown}
 l - a scroll of magic mapping {unknown}
 m - a scroll of remove curse {unknown}
 p - a scroll of teleportation {unknown}
Potions
 d - 2 potions of might
 h - a potion of flight {unknown}
 j - a potion of agility {unknown}
 n - a potion of invisibility {unknown}
 o - a potion of heal wounds {unknown}
 q - a potion of brilliance {unknown}
Comestibles
 f - a ration


   Skills:
 + Level 4.0 Fighting
 + Level 3.0 Long Blades
 + Level 4.3 Armour
 + Level 1.1 Dodging
 + Level 4.3 Shields


You had 2 spell levels left.
You didn't know any spells.
Your spell library was empty.

Dungeon Overview and Level Annotations

Branches:
Dungeon (2/15)

Altars:
Dithmenos

Annotations:
D:2 Sigmund


Innate Abilities, Weirdness & Mutations

You reflexively headbutt those who attack you in melee.
You have a pair of horns on your head.


Message History

You hear some strange, mumbled words.
Something tries to affect you, but you resist.
The dart slug launches a dart at you. The slug dart hits you!
A puff of flame appears from out of thin air!
The puff of flame hits you. The dart slug launches a dart at you.
You block the slug dart. Something hits you.
You hit the dart slug.
The dart slug is moderately wounded.
The dart slug launches a dart at you. You block the slug dart.
Something hits you!
* * * LOW HITPOINT WARNING * * *
You hit the dart slug. You headbutt the dart slug.
You kill the dart slug!
Something hits you.
* * * LOW HITPOINT WARNING * * *
You hit something but do no damage. Something hits you but does no damage.
You miss something. You headbutt something. Something hits you.
You die...

##.#
#.###..#### ≈≈
####.###.#...##
≈≈≈
#......÷...###
#.........##
#........##
########.# #.#
#.# #@# #.# #.#
#
......!........
....)..(..#####
#####.....#
#!....# ##.....
#...... ####


There were no monsters in sight!

Vanquished Creatures
  Terence (D:2)
  An adder (D:2)
  A worm (D:2)
  A dart slug (D:2)
  3 giant cockroaches
  2 goblins
  5 hobgoblins
  A ball python (D:1)
  3 bats (D:1)
  2 frilled lizards (D:2)
  3 kobolds
  3 rats
26 creatures vanquished.

Notes
Turn   | Place    | Note
-------+----------+-------------------------------------------
     0 | D:1      | Peloso the Minotaur Fighter began the quest for the Orb.
     0 | D:1      | Reached XP level 1. HP: 19/19 MP: 0/0
   537 | D:1      | Reached XP level 2. HP: 27/27 MP: 1/1
  1088 | D:2      | Found a faded altar of an unknown god.
  1175 | D:2      | Found a shadowy altar of Dithmenos.
  1178 | D:2      | Noticed Terence
  1190 | D:2      | Killed Terence
  1190 | D:2      | Reached XP level 3. HP: 29/33 MP: 2/2
  1313 | D:2      | Noticed Sigmund
  1318 | D:2      | Reached skill level 1 in Dodging
  1330 | D:2      | Slain by Sigmund

Levels and vault maps discovered:
D:1:      nzn_arrival_water_spiral, layout_basic, serial_forest,
          infiniplex_forest_clump_tiny, infiniplex_forest_end_1,
          infiniplex_forest_zigzag_2, infiniplex_forest_clump_medium
D:2:      layout_rooms, nicolae_dithmenos_through_a_glass_darkly,
          chequers_ecumenical_altar_island, chequers_serial_rivers_large_a,
          uniq_sigmund, uniq_terence

Skill      XL: |  1  2  3 |
---------------+----------+-----
Armour         | 4 |  4.3
Shields        | 4 |  4.3
Fighting       | 4 |  4.0
Long Blades    | 3 |  3.0
Dodging        | 1 |  1.1

Action                   || total
-------------------------++-------
Melee: Long sword        ||    52
       Headbutt          ||    13
  Eat: Chunk             ||     1
Armor: Scale mail        ||    13
       Chain mail        ||    14
Dodge: Dodged            ||    25
Block: Shield            ||    30
       Rpst.: Long sword ||     5
